 Dungeon Crawl Stone Soup version 0.31-a0-1074-g0b22e4e0f1 (webtiles) character file.

Game seed: 18405522447306314519

15971 jlumianski the Grappler (level 12, -3/92 HPs)
             Began as a Gnoll Shapeshifter on Dec 8, 2023.
             Was the Champion of Wu Jian.
             Slain by a freezing wraith (15 damage)
             ... on level 11 of the Dungeon.
             The game lasted 01:15:59 (14205 turns).

jlumianski the Grappler (Gnoll Shapeshifter)       Turns: 14205, Time: 01:16:01

Health: -3/92      AC: 13    Str: 18    XL:     12   Next: 32%
Magic:  22/22      EV: 14    Int:  9    God:    Wu Jian [******]
Gold:   545        SH:  0    Dex: 13    Spells: 21/25 levels left

rFire   . . .        O - +2 quarterstaff (spect)
rCold   . . .        (shield currently unavailable)
rNeg    . . .        Y - +0 swamp dragon scales
rPois   +            p - melded +0 helmet
rElec   .            (cloak currently unavailable)
rCorr   .            r - melded +0 pair of gloves
SInv    .            T - melded +0 pair of boots
Will    +....        m - amulet of faith
Stlth   +++          f - +4 ring of protection
HPRegen 0.35/turn    F - ring of willpower
MPRegen 0.18/turn

%: faith
@: beast-form, wereblooded, slowed, very slow
A: beast (slay +4), fangs 1, strong nose, distributed training
a: Begin Untransformation, Renounce Religion, Wall Jump, Serpent's Lash,
Heavenly Storm


You were on level 11 of the Dungeon.
You worshipped Wu Jian.
Wu Jian was exalted by your worship.
You were a hulking beast.
You visited 2 branches of the dungeon, and saw 12 of its levels.

You collected 545 gold pieces.

Inventory:

Hand Weapons
 M - a +0 broad axe
 O - a +2 spectral quarterstaff (weapon)
Missiles
 x - 6 javelins
 C - 15 boomerangs (quivered)
 D - 4 datura-tipped darts
 J - 44 poisoned darts
 K - 4 atropa-tipped darts
 V - 2 throwing nets
 W - 9 curare-tipped darts
Armour
 p - a +0 helmet (melded)
 r - a +0 pair of gloves (melded)
 T - a +0 pair of boots (melded)
 Y - +0 swamp dragon scales (worn)
Magical Staves
 l - a staff of cold
Jewellery
 e - a ring of resist corrosion
 f - a +4 ring of protection (left hand)
 m - an amulet of faith (around neck)
 u - a +4 ring of protection
 F - a ring of willpower (right hand)
 Q - a ring of protection from fire
Talismans
 c - a beast talisman (active)
 d - a flux talisman
Wands
 a - a wand of digging (3)
 o - a wand of polymorph (12)
 v - a wand of roots (13)
 B - a wand of flame (33)
 G - a wand of mindburst (17)
 N - a wand of paralysis (16)
Scrolls
 k - a scroll of blinking
 q - a scroll of teleportation
 w - a scroll of fear
 L - 3 scrolls of revelation
 R - a scroll of poison
Potions
 b - a potion of lignification
 g - 2 potions of curing
 h - a potion of berserk rage
 n - 3 potions of resistance
 s - 2 potions of haste
 t - a potion of enlightenment
 z - 2 potions of heal wounds
 E - 3 potions of attraction
 H - a potion of cancellation
 U - a potion of might
Miscellaneous
 i - a phantom mirror
 j - a box of beasts
 Z - a phial of floods


   Skills:
 + Level 7.8 Fighting
 + Level 7.3 Short Blades
 + Level 7.3 Long Blades
 + Level 7.3 Axes
 + Level 7.3 Maces & Flails
 + Level 7.3 Polearms
 + Level 7.3 Staves
 + Level 7.3 Ranged Weapons
 + Level 7.3 Throwing
 + Level 7.3 Armour
 + Level 8.7 Dodging
 + Level 7.3 Stealth
 + Level 7.3 Shields
 + Level 9.9 Unarmed Combat
 + Level 7.3 Spellcasting
 + Level 6.0 Conjurations
 + Level 6.0 Hexes
 + Level 6.0 Summonings
 + Level 6.0 Necromancy
 + Level 6.0 Translocations
 + Level 6.0 Transmutations
 + Level 6.0 Fire Magic
 + Level 6.0 Ice Magic
 + Level 6.0 Air Magic
 + Level 6.0 Earth Magic
 + Level 6.0 Poison Magic
 + Level 8.0 Invocations
 + Level 7.3 Evocations
 + Level 9.4 Shapeshifting


You had 21 spell levels left.
You knew the following spells:

 Your Spells              Type           Power      Damage    Failure   Level
a - Jinxbite              Hex            28%        N/A       3%          2
b - Wereblood             Tmut           14%        N/A       3%          2

Your spell library contained the following spells:

 Spells                   Type           Power      Damage    Failure   Level
 Apportation              Tloc           28%        N/A       2%          1
 Sublimation of Blood     Necr           14%        N/A       3%          2
 Alistair's Intoxication  Tmut/Pois      9%         N/A       56%         5
 Summon Hydra             Summ           7%         N/A       100%        7


Dungeon Overview and Level Annotations

Branches:
Dungeon (11/15)            Temple (0/1) D:5            Lair (1/5) D:8
    Orc (0/2) D:9

Altars:
Elyvilon
Fedhas
Hepliaklqana
Makhleb
Qazlal
Ru
Sif Muna
Trog
Uskayaw
Vehumet
Wu Jian
Xom
Yredelemnul
Zin

Shops:
D:2 [

Annotations:
D:4 3 runed translucent doors, Fractals's ghost, amateur DsHu
D:7 2 runed translucent doors


Innate Abilities, Weirdness & Mutations

You are a hulking beast.
Your limbs bulge with bestial killing power. (Slay +4)
You have very sharp teeth.
Your uncanny sense of smell can sniff out nearby items.
Your experience applies equally to all skills.


Message History

Your +2 spectral quarterstaff hits the shadow.
You howl as the wereblood boils in your veins!
The shadow hits your +2 spectral quarterstaff.
Your spectral weapon shares its damage with you!
You barely miss the shadow.
The shadow is severely damaged.
Your +2 spectral quarterstaff hits the shadow!
You feel a bit better.
You destroy the shadow!
The Council accepts your kill.
Your +2 spectral quarterstaff disappears.
You lunge at the freezing wraith.
You sock the freezing wraith!
The freezing wraith is lightly damaged.
Your +2 spectral quarterstaff completely misses the freezing wraith.
The freezing wraith barely misses you. The freezing wraith hits you.
You see here a potion of haste.
You closely miss the freezing wraith.
You bite the freezing wraith, but do no damage.
The freezing wraith is lightly damaged.
Your +2 spectral quarterstaff hits the freezing wraith.
The freezing wraith completely misses you.
The freezing wraith hits you. The freezing wraith drains your vigour!
You feel yourself slow down.
You hit the freezing wraith but do no damage.
The freezing wraith is moderately damaged.
Your +2 spectral quarterstaff hits the freezing wraith but does no damage.
The freezing wraith hits you! The freezing wraith freezes you!
* * * LOW HITPOINT WARNING * * *
The freezing wraith hits you.
* * * LOW HITPOINT WARNING * * *
The freezing wraith drains your vigour!
You feel as though you will be slow longer.
You barely miss the freezing wraith.
The freezing wraith is moderately damaged.
Your +2 spectral quarterstaff barely misses the freezing wraith.
The freezing wraith hits you but does no damage. x2
The freezing wraith hits you!
* * * LOW HITPOINT WARNING * * *
The freezing wraith freezes you!
You die...

.# ∆ W.# ...# #######+#...#
#........$8.# #....8......#
#....hW([...+ #####..[%!..#
+...[.... #......8. ....
....#.8..)...
#...#####...#..(#########..
#.......#...#...'..........
#.......#...#...#..........
#.......#...#...#..........


You could see a freezing wraith and a friendly +2 spectral quarterstaff.

Vanquished Creatures
  Harold (D:9)
  2 two-headed ogres
  Erica (D:8)
  A flayed ghost (D:10)
  Pikel (D:6)
  A deep elf pyromancer (D:7)
  A cyclops (D:11)
  Maggie (D:7)
  A gargoyle (D:11)
  2 komodo dragons
  2 trolls (D:6)
  A polar bear (shapeshifter) (D:11)
  Prince Ribbit (D:5)
  5 shadows
  A vampire (D:10)
  2 wraiths (D:10)
  A slime creature (D:7)
  A wyvern (D:11)
  3 yaks (D:10)
  14 fire bats (D:10)
  2 steam dragons
  Grum (D:8)
  3 acid dragons
  3 water moccasins
  4 orc warriors
  3 black bears
  An ice beast (D:7)
  A centaur (D:5)
  An ogre (D:7)
  4 wolves (D:8)
  A phantom (D:7)
  7 kobold brigands
  7 bullfrogs
  2 gnoll sergeants
  13 wights
  7 killer bees
  4 howler monkeys
  3 jellies
  A gnoll bouda (D:6)
  3 hounds
  10 orc priests
  Terence (D:2)
  9 orc wizards
  3 sleepcaps
  5 iguanas
  Robin (D:1)
  25 gnolls
  4 adders
  A shadow imp (D:4)
  2 ufetubi (D:7)
  3 worms
  2 dart slugs
  46 orcs
  54 bats
  An endoplasm (D:2)
  5 giant cockroaches
  18 goblins
  18 hobgoblins
  3 jackals (D:3)
  35 kobolds
  6 quokkas
  6 ball pythons
  3 frilled lizards
  6 rats
381 creatures vanquished.

Vanquished Creatures (others)
  An adder (D:6)
  A kobold (D:9)
  2 spectral weapons (D:10)
4 creatures vanquished.

Grand Total: 385 creatures vanquished

Notes
Turn   | Place    | Note
-------+----------+-------------------------------------------
     0 | D:1      | jlumianski the Gnoll Shapeshifter began the quest for the
                  | Orb.
     0 | D:1      | Reached XP level 1. HP: 17/17 MP: 1/1
    60 | D:1      | Reached XP level 2. HP: 23/23 MP: 2/2
   321 | D:1      | Reached XP level 3. HP: 24/28 MP: 3/3
   601 | D:1      | Reached skill level 1 in Invocations
   830 | D:2      | Found Hemoving's Armour Shop.
   868 | D:2      | Noticed Robin
   929 | D:1      | Killed Robin
   930 | D:1      | Reached skill level 1 in Short Blades
   930 | D:1      | Reached skill level 1 in Long Blades
   930 | D:1      | Reached skill level 1 in Axes
   930 | D:1      | Reached skill level 1 in Maces & Flails
   930 | D:1      | Reached skill level 1 in Polearms
   930 | D:1      | Reached skill level 1 in Staves
   930 | D:1      | Reached skill level 1 in Ranged Weapons
   930 | D:1      | Reached skill level 1 in Throwing
   930 | D:1      | Reached skill level 1 in Armour
   930 | D:1      | Reached skill level 1 in Stealth
   930 | D:1      | Reached skill level 1 in Shields
   930 | D:1      | Reached skill level 1 in Spellcasting
   930 | D:1      | Reached skill level 1 in Evocations
   982 | D:1      | Reached XP level 4. HP: 34/34 MP: 5/5
  1070 | D:3      | Noticed Terence
  1210 | D:2      | Killed Terence
  1211 | D:2      | Reached skill level 1 in Conjurations
  1211 | D:2      | Reached skill level 1 in Hexes
  1211 | D:2      | Reached skill level 1 in Summonings
  1211 | D:2      | Reached skill level 1 in Necromancy
  1211 | D:2      | Reached skill level 1 in Translocations
  1211 | D:2      | Reached skill level 1 in Transmutations
  1211 | D:2      | Reached skill level 1 in Fire Magic
  1211 | D:2      | Reached skill level 1 in Ice Magic
  1211 | D:2      | Reached skill level 1 in Air Magic
  1211 | D:2      | Reached skill level 1 in Earth Magic
  1211 | D:2      | Reached skill level 1 in Poison Magic
  1315 | D:2      | Found a shimmering altar of Xom.
  1577 | D:3      | Found a hazy altar of Hepliaklqana.
  1662 | D:2      | Found a faded altar of an unknown god.
  1917 | D:3      | Noticed a black bear
  1928 | D:3      | Killed a black bear
  1929 | D:3      | Reached XP level 5. HP: 33/41 MP: 5/7
  2122 | D:3      | Reached XP level 6. HP: 37/47 MP: 8/8
  2191 | D:4      | Found an ornate altar of the Wu Jian Council.
  2201 | D:4      | Became a worshipper of the Wu Jian Council
  2221 | D:4      | Reached skill level 5 in Dodging
  2240 | D:4      | Found a radiant altar of Vehumet.
  2274 | D:4      | Found a runed translucent gate.
  2287 | D:4      | Found a runed translucent gate.
  2287 | D:4      | Found a runed translucent gate.
  2288 | D:4      | Noticed Fractals's ghost (amateur DsHu)
  3297 | D:5      | Entered Level 5 of the Dungeon
  3360 | D:5      | Reached XP level 7. HP: 33/52 MP: 10/10
  3541 | D:5      | Noticed Prince Ribbit
  3557 | D:5      | Killed Prince Ribbit
  3629 | D:5      | Reached * piety under Wu Jian
  3730 | D:5      | Found a white marble altar of Elyvilon.
  3733 | D:5      | Found a shimmering blue altar of Sif Muna.
  3737 | D:5      | Found a sacrificial altar of Ru.
  3738 | D:5      | Found a basalt altar of Yredelemnul.
  3738 | D:5      | Found a stormy altar of Qazlal.
  3741 | D:5      | Found a hide-covered altar of Uskayaw.
  3774 | D:5      | Found a staircase to the Ecumenical Temple.
  3930 | D:5      | Reached XP level 8. HP: 37/60 MP: 12/12
  4734 | D:6      | Reached ** piety under Wu Jian
  5130 | D:6      | Reached XP level 9. HP: 47/66 MP: 14/14
  5534 | D:6      | Found a burning altar of Makhleb.
  5849 | D:7      | Noticed Maggie
  5861 | D:7      | Reached skill level 5 in Fighting
  5868 | D:7      | Killed Maggie
  6342 | D:7      | Reached skill level 5 in Invocations
  6562 | D:8      | Reached *** piety under Wu Jian
  6769 | D:7      | Learned a level 2 spell: Jinxbite
  6813 | D:7      | Found a large runed translucent door.
  6814 | D:7      | Found a large runed translucent door.
  6819 | D:7      | Noticed a troll
  6819 | D:7      | Noticed Pikel
  6819 | D:7      | Noticed a troll
  6829 | D:6      | Killed Pikel
  6830 | D:6      | Reached skill level 5 in Short Blades
  6830 | D:6      | Reached skill level 5 in Long Blades
  6830 | D:6      | Reached skill level 5 in Axes
  6830 | D:6      | Reached skill level 5 in Maces & Flails
  6830 | D:6      | Reached skill level 5 in Polearms
  6830 | D:6      | Reached skill level 5 in Staves
  6830 | D:6      | Reached skill level 5 in Ranged Weapons
  6830 | D:6      | Reached skill level 5 in Throwing
  6830 | D:6      | Reached skill level 5 in Armour
  6830 | D:6      | Reached skill level 5 in Stealth
  6830 | D:6      | Reached skill level 5 in Shields
  6830 | D:6      | Reached skill level 5 in Spellcasting
  6830 | D:6      | Reached skill level 5 in Evocations
  6830 | D:6      | Reached XP level 10. HP: 55/76 MP: 17/17
  6902 | D:7      | Found a large runed translucent door.
  6902 | D:7      | Found a large runed translucent door.
  7660 | D:7      | Noticed a deep elf pyromancer
  7687 | D:7      | Killed a deep elf pyromancer
  8328 | D:7      | Identified the ring "Qulus" {rPois MP+9}
  8371 | D:8      | Reached **** piety under Wu Jian
  8890 | D:8      | Found a staircase to the Lair.
  9341 | D:9      | Noticed a two-headed ogre
  9351 | D:8      | Killed a two-headed ogre
  9352 | D:8      | Reached XP level 11. HP: 53/83 MP: 18/20
  9445 | D:8      | Noticed Erica
  9477 | D:8      | Killed Erica
  9478 | D:8      | Reached skill level 5 in Conjurations
  9478 | D:8      | Reached skill level 5 in Hexes
  9478 | D:8      | Reached skill level 5 in Summonings
  9478 | D:8      | Reached skill level 5 in Necromancy
  9478 | D:8      | Reached skill level 5 in Translocations
  9478 | D:8      | Reached skill level 5 in Transmutations
  9478 | D:8      | Reached skill level 5 in Fire Magic
  9478 | D:8      | Reached skill level 5 in Ice Magic
  9478 | D:8      | Reached skill level 5 in Air Magic
  9478 | D:8      | Reached skill level 5 in Earth Magic
  9478 | D:8      | Reached skill level 5 in Poison Magic
  9725 | D:8      | Noticed Grum
  9744 | D:8      | Killed Grum
 10971 | D:9      | Noticed Harold
 11126 | D:9      | Killed Harold
 11203 | D:9      | Found a staircase to the Orcish Mines.
 11289 | D:9      | Reached ***** piety under Wu Jian
 11478 | D:9      | Learned a level 2 spell: Wereblood
 11488 | D:10     | Entered Level 10 of the Dungeon
 11940 | D:10     | Found a shimmering altar of Xom.
 12136 | D:10     | Found a blossoming altar of Fedhas.
 12493 | D:10     | Found a bloodstained altar of Trog.
 13073 | D:10     | Noticed a two-headed ogre
 13109 | D:10     | Reached ****** piety under Wu Jian
 13114 | D:10     | Killed a two-headed ogre
 13115 | D:10     | Reached XP level 12. HP: 44/91 MP: 20/22
 13462 | D:10     | Found a runed translucent door.
 13482 | D:10     | Found a glowing silver altar of Zin.
 13484 | D:10     | Found a shimmering altar of Xom.
 13488 | D:10     | Found a hazy altar of Hepliaklqana.
 13682 | D:10     | Found a basalt altar of Yredelemnul.
 13688 | D:10     | Found a hazy altar of Hepliaklqana.
 13839 | Lair:1   | Entered Level 1 of the Lair of Beasts
 14205 | D:11     | Slain by a freezing wraith

Illustrated notes

Levels and vault maps discovered:
D:1:      dpeg_arrival_concentric_ovals, layout_loops_ring,
          minmay_misc_feat_roman, hex_tiny
D:2:      layout_loops_ring, basic_altar, dreamdust_ecumenical_altar_statues,
          serial_shops, shop, minmay_lizard_pond, uniq_robin
D:3:      layout_loops_ring, nzn_hepliaklqana_mist_gate, uniq_terence
D:4:      layout_basic, vehumet_altar_wand_db, nzn_wu_jian_contemplation,
          gammafunk_ghost_nasty_kobolds, dreamdust_gnoll_farm
D:5:      corexii_shantytown, layout_basic, minitemple,
          minmay_temple_entry_trees, minmay_misc_feat_diagonals,
          uniq_prince_ribbit1
D:6:      layout_loops_ring, mainiacjoe_overflow_chevrons
D:7:      layout_basic, minmay_hollow_rounded_squares, uniq_pikel, uniq_maggie
D:8:      layout_basic, david_lair_shrubbed, uniq_grum, uniq_erica
D:9:      layout_cave_pools, orc_0_dummy, uniq_harold
D:10:     due_megacathedral, layout_loops_corners, marbit_many_paths,
          dk_xom_monty_hall
D:11:     kennysheep_blocky_room, layout_irregular_city, enter_trove_2
Lair:1:   layout_cave_pods

Skill      XL: |  1  2  3  4  5  6  7  8  9 10 11 12 |
---------------+-------------------------------------+-----
Invocations    | 1 2 3 4 5 6 7 8 |  8.0
Short Blades   | 1 2 3 5 6 7 |  7.3
Long Blades    | 1 2 3 5 6 7 |  7.3
Axes           | 1 2 3 5 6 7 |  7.3
Maces & Flails | 1 2 3 5 6 7 |  7.3
Polearms       | 1 2 3 5 6 7 |  7.3
Staves         | 1 2 3 5 6 7 |  7.3
Ranged Weapons | 1 2 3 5 6 7 |  7.3
Throwing       | 1 2 3 5 6 7 |  7.3
Armour         | 1 2 3 5 6 7 |  7.3
Stealth        | 1 2 3 5 6 7 |  7.3
Shields        | 1 2 3 5 6 7 |  7.3
Spellcasting   | 1 2 3 5 6 7 |  7.3
Evocations     | 1 2 3 5 6 7 |  7.3
Conjurations   | 1 2 3 4 5 6 |  6.0
Hexes          | 1 2 3 4 5 6 |  6.0
Summonings     | 1 2 3 4 5 6 |  6.0
Necromancy     | 1 2 3 4 5 6 |  6.0
Translocations | 1 2 3 4 5 6 |  6.0
Transmutations | 1 2 3 4 5 6 |  6.0
Fire Magic     | 1 2 3 4 5 6 |  6.0
Ice Magic      | 1 2 3 4 5 6 |  6.0
Air Magic      | 1 2 3 4 5 6 |  6.0
Earth Magic    | 1 2 3 4 5 6 |  6.0
Poison Magic   | 1 2 3 4 5 6 |  6.0
Fighting       | 3 4 5 6 7 |  7.8
Dodging        | 5 6 7 8 |  8.7
Unarmed Combat | 7 8 9 |  9.9
Shapeshifting  | 7 8 9 |  9.4

Action                     |  1- 3 |  4- 6 |  7- 9 | 10-12 || total
---------------------------+-------+-------+-------+-------++-------
  Melee: Unarmed           |    60 |   150 |   369 |       ||   579
         Bite              |     4 |    19 |    53 |    47 ||   123
         Punch             |     1 |       |       |       ||     1
         Quarterstaff      |       |       |    37 |   477 ||   514
  Throw: Boomerang         |       |       |     4 |     1 ||     5
   Cast: Wereblood         |       |       |       |     3 ||     3
         Jinxbite          |       |       |       |     2 ||     2
Ability: Lunge             |       |     4 |    37 |    27 ||    68
         Whirlwind         |       |       |    17 |    31 ||    48
         Wall Jump         |       |       |    21 |    46 ||    67
  Evoke: Wand              |       |     1 |     6 |     1 ||     8
    Use: Scroll            |       |     4 |     9 |     6 ||    19
         Potion            |       |       |     4 |     2 ||     6
   Stab: Sleeping          |     1 |       |       |     5 ||     6
         Held in net/web   |       |       |     1 |       ||     1
         Distracted        |       |       |     3 |     7 ||    10
 Armour: Ring mail         |    30 |     6 |       |       ||    36
         Animal skin       |     4 |       |       |       ||     4
         Plate armour      |       |    96 |       |       ||    96
         Chain mail        |       |    20 |   211 |       ||   231
         Swamp dragon scal |       |       |    56 |   328 ||   384
  Dodge: Dodged            |    54 |    49 |   169 |   342 ||   614
   Form: Flux              |       |     1 |       |       ||     1
         Beast             |       |       |     1 |       ||     1

Table legend: (Time is in decaauts)
 A = Elapsed time spent in this place.
 B = Non-inter-level travel time spent in this place.
 C = Inter-level travel time spent in this place.
 D = Time resting spent in this place.
 E = Time spent auto-exploring this place.
 F = Levels seen in this place.
 G = Mean time per level.
                   A        B        C        D        E       F      G
               +--------+--------+--------+--------+--------+-----+--------+
         Total |  14261 |  13775 |    486 |   3171 |   6305 |  12 | 1188.4 |
       Dungeon |  14259 |  13773 |    486 |   3171 |   6305 |  11 | 1296.3 |
          Lair |      1 |      1 |      0 |      0 |      0 |   1 |    1.0 |
               +--------+--------+--------+--------+--------+-----+--------+

Top non-repeatable levels by time:
     D:8: 2513 daAuts
    D:10: 2357 daAuts
     D:7: 1965 daAuts
     D:6: 1747 daAuts
     D:5: 1387 daAuts
     D:4: 1038 daAuts
     D:3: 878 daAuts
     D:1: 844 daAuts
     D:9: 804 daAuts
     D:2: 622 daAuts
    D:11: 100 daAuts
  Lair:1: 1 daAuts
